AoeStats
← Bor-Komorov

Fortress

509183715Analyzed
4v4 RM · 7d ago on Sep 25, 2026· 41m 8s· 8 players
Game mode
Random Map
Map size
Huge
Population
200
Speed
Normal
Resources
Standard
Victory
Conquest
Starting age
Dark Age
Ending age
Imperial Age
RankedLock teamsTeams togetherTeam positionsShared explorationLock speedFull tech treeHidden civsTurbo modeCheats
Victory
Defeat
🇨🇳 Bengalis · China
1251
+13
🇺🇸 Lithuanians · United States
1206
+15
🇺🇸 Mongols · United States
1180
+16
🇪🇸 Portuguese · Spain
1113
+20
🇨🇴 Lithuanians · Colombia
1254
-18
🇨🇴 Khitans · Colombia
1186
-16
🇨🇴 Celts · Colombia
1162
-15
🇨🇴 Malians · Colombia
1153
-15
Octosaurus
8:31 Feudal Age
12:19 Castle Age
10:45 Double-Bit Axe
10:43 Horse Collar
16:39 Heavy Plow
16:56 Bow Saw
18:22 Wheelbarrow
17:33 Loom
20:55 Gold Mining
21:07 Heavy Plow
26:01 Imperial Age
23:47 Hand Cart
23:57 Bloodlines
23:47 Husbandry
26:29 Scale Barding Armor
26:35 Forging
26:02 Cavalier
27:37 Crop Rotation
27:59 Chain Barding Armor
27:49 Paladin
29:45 Iron Casting
29:57 Conscription
29:31 Light Cavalry
32:18 Fortified Wall
33:08 Plate Barding Armor
38:40 Hoardings
37:49 Treadmill Crane
38:20 Masonry
ur dads dad
3:41 Loom
7:51 Feudal Age
12:19 Castle Age
10:15 Double-Bit Axe
10:13 Horse Collar
10:50 Gold Mining
14:00 Bow Saw
14:08 Heavy Plow
17:19 Wheelbarrow
17:39 Fletching
18:45 Gold Shaft Mining
19:58 Padded Archer Armor
20:31 Ballistics
20:43 Fortified Wall
21:42 Hand Cart
21:53 Bodkin Arrow
23:01 Leather Archer Armor
24:09 Bloodlines
23:59 Husbandry
29:02 Imperial Age
26:33 Stone Mining
29:21 Elite Mangudai
30:22 Conscription
31:19 Bracer
31:26 Scale Barding Armor
31:33 Forging
31:24 Scale Mail Armor
33:11 Stone Shaft Mining
32:08 Elite Skirmisher
33:18 Parthian Tactics
32:20 Heavy Camel Rider
34:40 Iron Casting
34:25 Chain Barding Armor
35:46 Hoardings
36:17 Chemistry
35:15 Murder Holes
35:31 Masonry
39:45 Blast Furnace
Guille
9:07 Feudal Age
10:39 Double-Bit Axe
13:36 Castle Age
11:46 Horse Collar
12:17 Gold Mining
16:56 Imperial Age
16:45 Loom
18:40 Chemistry
29:29 Wheelbarrow
30:41 Town Watch
31:35 Fortified Wall
31:50 Conscription
32:26 Elite Organ Gun
33:15 Fletching
34:39 Bow Saw
36:37 Masonry
37:28 Bodkin Arrow
38:13 Architecture
38:22 Bracer
40:13 Ballistics
小明
7:56 Feudal Age
9:08 Double-Bit Axe
9:35 Horse Collar
12:42 Castle Age
11:16 Gold Mining
14:18 Bow Saw
15:36 Heavy Plow
16:07 Loom
16:58 Wheelbarrow
21:56 Ballistics
22:05 Fortified Wall
22:41 Fletching
22:52 Padded Archer Armor
26:53 Paiks
31:40 Imperial Age
30:34 Bodkin Arrow
30:55 Leather Archer Armor
32:01 Elite Elephant Archer
32:45 Bracer
33:37 Hand Cart
33:07 Town Watch
33:57 Ring Archer Armor
37:17 Chemistry
37:14 Caravan
37:44 Bloodlines
37:35 Husbandry
39:26 Crop Rotation
39:59 Two-Man Saw
Höor
8:19 Feudal Age
8:51 Double-Bit Axe
9:49 Wheelbarrow
9:15 Horse Collar
10:23 Loom
13:09 Castle Age
11:34 Gold Mining
13:00 Bloodlines
14:12 Husbandry
14:48 Bow Saw
14:39 Town Watch
16:27 Forging
22:25 Iron Casting
24:57 Imperial Age
24:09 Heavy Plow
24:44 Scale Barding Armor
26:04 Chain Barding Armor
25:25 Cavalier
30:32 Plate Barding Armor
33:06 Hand Cart
33:06 Paladin
38:36 Conscription
38:07 Light Cavalry
Deanu Reeves
5:07 Loom
9:44 Feudal Age
17:39 Castle Age
16:21 Double-Bit Axe
16:29 Gold Mining
17:45 Scale Mail Armor
19:06 Bow Saw
19:54 Chain Mail Armor
22:07 Scale Barding Armor
23:43 Husbandry
27:49 Forging
28:31 Stone Mining
29:47 Iron Casting
32:59 Wheelbarrow
32:48 Pikeman
Bor-Komorov
7:57 Feudal Age
11:47 Castle Age
9:47 Double-Bit Axe
9:48 Horse Collar
14:30 Scale Mail Armor
24:35 Loom
25:26 Wheelbarrow
24:53 Heavy Plow
25:46 Elite Skirmisher
30:50 Imperial Age
28:49 Padded Archer Armor
29:23 Fletching
30:58 Bodkin Arrow
31:19 Leather Archer Armor
32:17 Conscription
33:58 Bloodlines
33:09 Light Cavalry
37:05 Chemistry
Volk
8:35 Feudal Age
9:41 Double-Bit Axe
9:40 Horse Collar
12:49 Castle Age
10:49 Loom
11:50 Gold Mining
13:47 Bow Saw
22:34 Wheelbarrow
22:48 Scale Mail Armor
22:58 Forging
27:34 Hand Cart
27:04 Town Watch
28:31 Gold Shaft Mining
27:46 Stone Mining
27:47 Pikeman
31:39 Iron Casting
31:20 Chain Mail Armor
34:46 Imperial Age
32:48 Arson
34:07 Stone Shaft Mining
34:48 Halberdier
36:03 Plate Mail Armor
36:33 Blast Furnace
35:58 Heavy Scorpion
Connection lost

Rejoining the realm…

Still unreachable

The connection could not be restored.

Session expired

The server has moved on; the page needs a fresh start.